Map: Redshift LE

Players

Kelazhur

  • Race: Terran Terran
  • Spawn Location: 7:00

Has - Winner!

  • Race: Protoss Protoss
  • Spawn Location: 11:00

Event: WCS Valencia 2018

VOD

Have the link to the VOD?

Description

Time

  • Played on: July 13, 2018, 1:39 p.m.
  • Length: 10:39

All games in this series

Show
View Real Time Build Order
Export as new Build Order

Kelazhur Terran 

Build Orders: Bio Tank 

Get SALT Encoding   

  12  0:00  SCV  
  13  0:12  SCV  
  14  0:17  Supply Depot  
  14  0:24  SCV  
  15  0:38  SCV  
  15  0:40  Barracks  
  16  0:44  Refinery  
  16  0:50  SCV  
  17  1:03  SCV  
  18  1:15  SCV  
  19  1:28  Reaper, Orbital Command  
  20  1:43  Supply Depot  
  20  1:45  Bunker  
  20  1:54  SCV  
  20  1:59  Marine  
  22  2:01  Engineering Bay  
  22  2:06  SCV  
  23  2:18  Factory  
  23  2:19  SCV  
  23  2:22  Marine  
  25  2:31  SCV  
  25  2:35  Command Center  
  26  2:43  SCV  
  27  2:51  Barracks Reactor  
  27  2:55  SCV  
  27  2:56  Supply Depot  
  28  3:04  Starport  
  28  3:07  SCV  
  28  3:10  Factory Tech Lab  
  29  3:14  Supply Depot  
  29  3:19  SCV  
  30  3:25  Bunker  
  30  3:26  Refinery  
  30  3:30  Marine x2  
  30  3:31  SCV  
  33  3:48  Marine x2  
  33  3:51  Orbital Command  
  35  4:01  Barracks  
  35  4:06  Marine x2  
  35  4:09  Orbital Command  
  37  4:10  Bunker  
  37  4:15  Siege Tank  
  40  4:17  Viking  
  40  4:20  SCV  
  40  4:24  Marine x2  
  44  4:32  SCV  
  37  4:41  Marine  
  37  4:42  Marine  
  37  4:43  SCV  
  39  4:47  SCV  
  39  4:55  SCV  
  39  4:59  SCV, Marine x2  
  43  5:07  SCV  
  43  5:11  Siege Tank  
  47  5:17  Marine  
  47  5:19  SCV x2  
  50  5:23  Refinery  
  50  5:31  Supply Depot  
  50  5:38  SCV, Marine x2  
  50  5:39  SCV  
  52  5:50  SCV  
  52  5:51  SCV  
  52  5:54  Supply Depot x2  
  54  6:03  Supply Depot, Starport Tech Lab  
  54  6:08  SCV x2, Marine x2  
  58  6:16  Siege Tank  
  61  6:21  SCV  
  61  6:25  SCV  
  63  6:27  Refinery  
  63  6:30  Refinery  
  64  6:40  SCV x2, Barracks  
  64  6:41  Barracks, Starport Reactor  
  65  6:48  Siege Tank  
  65  6:52  SCV x2  
  65  6:53  Stimpack, Marine  
  71  7:04  SCV  
  71  7:06  Engineering Bay  
  71  7:07  SCV  
  73  7:11  Supply Depot, Marine  
  74  7:16  SCV  
  74  7:24  Command Center  
  74  7:25  SCV  
  75  7:31  SCV  
  75  7:34  Factory Reactor  
  76  7:37  Terran Infantry Weapons Level 1  
  76  7:38  Supply Depot, Marine x4, Starport Reactor  
  76  7:39  Marine  
  76  7:42  Siege Tank  
  84  7:50  Supply Depot  
  84  7:56  Marine x3, Barracks x2  
  84  7:58  Marine  
  88  7:59  SCV  
  88  8:00  SCV  
  90  8:10  Marine  
  91  8:14  Medivac x2, Siege Tank  
  91  8:16  Marine  
  91  8:17  Marine  
  100  8:21  Marine x2  
  102  8:30  Armory  
  102  8:31  Marine, Engineering Bay  
  103  8:36  Orbital Command  
  103  8:44  Medivac x2  
  103  8:46  Barracks Reactor  
  107  8:50  Barracks Reactor, Marine x2  
  107  8:51  Marine  
  107  8:53  Combat Shields  
  105  9:05  Marine  
  105  9:06  Marine  
  105  9:08  Marine x2  
  105  9:09  Marine  
  107  9:14  Medivac x2  
  108  9:19  Siege Tank  
  108  9:23  Marine  
  108  9:24  Marine  
  113  9:26  Marine  
  113  9:29  Marine x5  
  119  9:34  Marine  
  120  9:39  Supply Depot  
  120  9:45  Marine x2  
  119  9:47  Supply Depot  
  119  9:51  Siege Tank  
  122  9:53  Orbital Command  
  122  9:57  Marine x3  
  125  10:01  Marine  
  124  10:10  Marine  
  124  10:11  Marine x4  
  119  10:15  Marine x3  
  119  10:18  SCV x2  
  119  10:19  Marine  
  125  10:25  SCV  
  125  10:27  Sensor Tower  
Show
View Real Time Build Order
Export as new Build Order

Has Protoss - Winner!

Build Orders: Archon Immortal 

Get SALT Encoding   

  12  0:00  Probe  
  13  0:12  Probe  
  14  0:17  Pylon  
  14  0:25  Probe  
  15  0:33  Probe  
  15  0:36  Gateway  
  15  0:41  Probe  
  17  0:50  Probe  
  17  0:55  Assimilator  
  18  0:58  Probe  
  19  1:04  Assimilator  
  19  1:07  Probe  
  20  1:18  Probe  
  20  1:22  Cybernetics Core  
  20  1:25  Pylon  
  21  1:31  Assimilator, Probe  
  22  1:43  Probe  
  23  1:59  Warp Gate, Stalker  
  25  2:11  Nexus  
  24  2:24  Robotics Facility  
  24  2:27  Probe  
  25  2:34  Stalker  
  27  2:40  Probe  
  28  2:44  Pylon  
  28  2:52  Probe  
  28  2:57  Gateway  
  29  3:04  Observer  
  29  3:06  Gateway  
  30  3:13  Probe  
  30  3:16  Stalker  
  33  3:24  Warp Prism  
  33  3:25  Probe  
  36  3:37  Probe  
  36  3:39  Probe  
  38  3:42  Pylon  
  38  3:49  Probe  
  38  3:51  Probe  
  40  4:01  Probe  
  40  4:02  Stalker x2  
  43  4:03  Stalker  
  43  4:04  Probe  
  48  4:13  Probe  
  48  4:16  Probe  
  49  4:17  Pylon  
  49  4:26  Stalker x3  
  55  4:31  Probe  
  55  4:32  Probe  
  57  4:42  Twilight Council  
  57  4:43  Probe  
  57  4:44  Forge, Probe  
  59  4:56  Probe x2  
  59  4:59  Immortal  
  61  5:08  Gateway, Blink  
  61  5:09  Gateway  
  61  5:10  Pylon  
  61  5:13  Probe x2  
  65  5:23  Pylon  
  65  5:24  Assimilator  
  65  5:25  Probe  
  65  5:27  Assimilator  
  66  5:31  Probe  
  67  5:38  Probe  
  68  5:46  Protoss Ground Weapons Level 1, Probe  
  68  5:49  Immortal, Nexus  
  69  5:51  Pylon  
  69  5:54  Probe  
  70  5:58  Probe  
  75  6:06  Gateway x2  
  75  6:07  Pylon  
  75  6:08  Pylon  
  75  6:11  Shield Battery  
  75  6:12  Shield Battery  
  75  6:13  Probe x2  
  77  6:23  Sentry  
  77  6:25  Probe  
  80  6:29  Immortal  
  84  6:37  Probe x2  
  86  6:48  Shield Battery  
  86  6:49  Probe x2  
  86  6:51  Pylon  
  88  6:59  Charge  
  89  7:01  Zealot x5, Probe  
  89  7:06  Gateway  
  89  7:08  Gateway  
  99  7:10  Pylon  
  99  7:14  Templar Archives  
  99  7:19  Protoss Ground Armor Level 1  
  99  7:21  Zealot  
  99  7:22  Zealot x3  
  107  7:28  Zealot x2  
  107  7:29  Zealot  
  113  7:35  Pylon  
  113  7:36  Pylon  
  113  7:57  Stalker  
  113  7:58  Stalker x2  
  119  7:59  Sentry x2  
  119  8:04  Zealot, High Templar x2  
  129  8:06  Zealot  
  129  8:09  Photon Cannon  
  129  8:10  Archon  
  131  8:16  Pylon  
  131  8:17  Nexus  
  131  8:19  Pylon  
  131  8:21  Immortal  
  131  8:28  Zealot x2  
  131  8:29  Zealot x3  
  145  8:35  Pylon  
  145  8:38  Zealot x2  
  145  8:40  Zealot  
  151  8:43  Pylon  
  151  8:45  Zealot  
  153  8:49  Shield Battery  
  153  8:50  Shield Battery  
  145  9:15  Stalker x2  
  145  9:16  Stalker x6  
  145  9:17  Stalker  
  159  9:30  Forge  
  159  9:41  Zealot x3  
  159  9:42  Zealot x2, High Templar x2  
  173  9:47  Zealot x2  
  173  9:48  Archon  
  175  9:54  Probe  
  176  10:13  Zealot x5  
  182  10:14  Zealot x4  
  172  10:36  Zealot x4  
  172  10:37  Zealot x5  
Tags
 
Add a new tag
Caveats
  • Supply blocks, unpowered buildings, or Contaminate may cause inaccurate times.
  • Supply counts are checked every 10 seconds.